 Dungeon Crawl Stone Soup version 0.29-a0-330-g52719c12eb (webtiles) character file.

Game seed: 17463494297720933246

48 HoaS the Bolt Thrower (level 4, 0/26 HPs)
             Began as a Kobold Hunter on May 20, 2022.
             Slain by a gnoll
             ... wielding a +0 flail
              (9 damage)
             ... on level 2 of the Dungeon.
             The game lasted 00:02:15 (979 turns).

HoaS the Bolt Thrower (Kobold Hunter)                Turns: 979, Time: 00:02:16

Health: 0/26       AC:  4    Str:  8    XL:     4   Next: 0%
Magic:  4/4        EV: 14    Int: 10    God:
Gold:   77         SH:  0    Dex: 20    Spells: 3/3 levels left

rFire   . . .      SeeInvis .   a - +1 hand crossbow
rCold   . . .      Faith    .   (no shield)
rNeg    . . .      Spirit   .   b - +1 leather armour
rPois   .          Reflect  .   (no helmet)
rElec   .          Harm     .   (no cloak)
rCorr   .          Rampage  .   (no gloves)
Will    .....                   (no boots)
Stlth   +++.......              (no amulet)
HPRegen 0.08/turn               (no ring)
MPRegen 0.09/turn               (no ring)

@: no status effects
A: small, no large weapons, nightstalker 3
a: no special abilities


You were on level 2 of the Dungeon.
You visited 1 branch of the dungeon, and saw 2 of its levels.

You collected 77 gold pieces.

Inventory:

Hand Weapons
 a - a +1 hand crossbow (weapon)
Armour
 b - a +1 leather armour (worn)
Scrolls
 c - 2 scrolls of immolation
Potions
 d - a potion of cancellation {unknown}
 e - a potion of heal wounds {unknown}
 f - a potion of flight {unknown}
 h - a potion of invisibility {unknown}
 j - 4 potions of curing
 k - a potion of lignification {unknown}


   Skills:
 - Level 2.1 Fighting
 + Level 7.0 Crossbows
 - Level 2.4 Dodging
 - Level 1.3 Stealth


You had 3 spell levels left.
You didn't know any spells.
Your spell library contained the following spells:

 Spells                   Type           Power      Damage    Failure   Level
 Animate Skeleton         Necr           0%         N/A       50%         1
 Apportation              Tloc           0%         N/A       50%         1
 Magic Dart               Conj           0%         1d3       50%         1
 Summon Small Mammal      Summ           0%         N/A       50%         1
 Call Imp                 Summ           0%         N/A       63%         2
 Inner Flame              Hex/Fire       0%         N/A       86%         3
 Mephitic Cloud           Conj/Pois/Air  0%         N/A       86%         3
 Cause Fear               Hex            0%         N/A       99%         4
 Summon Lightning Spire   Summ/Air       0%         N/A       99%         4
 Storm Form               Tmut/Air       0%         N/A       100%        7
 Discord                  Hex            0%         N/A       100%        8
 Maxwell's Capacitive Co  Air            0%         ∞         100%        8


Dungeon Overview and Level Annotations

Branches:
Dungeon (2/15)

Altars:


Innate Abilities, Weirdness & Mutations

You are small and have problems with some larger weapons.
You are completely attuned to the shadows.


Message History

The bolt hits the rat but does no damage.
You shoot a bolt. The bolt closely misses the rat.
The rat misses you.
You shoot a bolt. The bolt closely misses the rat.
The rat bites you but does no damage.
You shoot a bolt. The bolt hits the rat!
You kill the rat!
No target in view! 2 gnolls come into view.
You shoot a bolt. The bolt hits the gnoll.
The gnoll shouts!
The gnoll is moderately wounded.
You hear a shout!
You shoot a bolt. The bolt closely misses the gnoll.
The gnoll shouts!
A gnoll comes into view. It is wielding a +0 halberd.
The gnoll barely misses you.
You shoot a bolt. The bolt hits the gnoll!
The gnoll is almost dead.
The gnoll misses you.
You shoot a bolt. The bolt hits the gnoll.
You kill the gnoll!
Your Crossbows skill increases to level 7!
You have reached level 4!
You shoot a bolt. The bolt barely misses the gnoll.
The gnoll barely misses you. The gnoll hits you with a +0 flail!
The gnoll closely misses you.
You shoot a bolt. The bolt hits the gnoll.
The gnoll is moderately wounded.
The gnoll misses you. The gnoll hits you with a +0 flail.
A hobgoblin comes into view.
You are too injured to fight recklessly!
You are too injured to fight recklessly!
The gnoll attacks as you move away! The gnoll hits you with a +0 flail.
The gnoll attacks as you move away! The gnoll hits you with a +0 flail.
The gnoll attacks as you move away! The gnoll misses you.
The gnoll attacks as you move away! The gnoll closely misses you.
The gnoll attacks as you move away! The gnoll closely misses you.
The gnoll attacks as you move away! The gnoll barely misses you.
The gnoll attacks as you move away! The gnoll hits you with a +0 flail!
You die...

#. #.#.#.#.#..#
#)#+#†#'#'#†#..#
#..........†...#
######
#######...g....#
#....######
########g###
#.##....... #.g.#
#..#######† ##..#
##..### ## #.g#
##...# #.@#
###.##### ##.##
##.....## #..#
##........ #..#
#......... ##.#
#......... #.#
#......... #.####
#..<......
#....###......<..
###†..##.........


You could see 2 gnolls and a hobgoblin.

Vanquished Creatures
  A gnoll (D:2)
  4 ball pythons (D:1)
  4 endoplasms
  2 giant cockroaches
  2 goblins
  6 hobgoblins
  A quokka (D:1)
  4 bats
  3 frilled lizards
  4 kobolds
  5 rats
36 creatures vanquished.

Notes
Turn   | Place    | Note
-------+----------+-------------------------------------------
     0 | D:1      | HoaS the Kobold Hunter began the quest for the Orb.
     0 | D:1      | Reached XP level 1. HP: 12/12 MP: 1/1
    17 | D:1      | Found a faded altar of an unknown god.
    50 | D:1      | Reached XP level 2. HP: 17/17 MP: 2/2
   145 | D:1      | Reached skill level 6 in Crossbows
   423 | D:1      | Reached XP level 3. HP: 21/21 MP: 3/3
   961 | D:2      | Reached skill level 7 in Crossbows
   961 | D:2      | Reached XP level 4. HP: 26/26 MP: 4/4
   979 | D:2      | Slain by a gnoll

Illustrated notes

Levels and vault maps discovered:
D:1:      dpeg_arrival_rooms_b, layout_basic, dreamdust_ecumenical_altar_statues
D:2:      layout_rooms, basic_altar, minmay_rat_gold_closets

Skill      XL: |  1  2  3 |
---------------+----------+-----
Crossbows      | 6 7 |  7.0
Fighting       | |  2.1
Dodging        | |  2.4
Stealth        | |  1.3

Action                   |  1- 3 |  4- 6 || total
-------------------------+-------+-------++-------
 Fire: Hand crossbow     |    81 |     2 ||    83
  Use: Scroll            |     2 |       ||     2
Armor: Leather armour    |     7 |       ||     7
Dodge: Dodged            |    21 |     7 ||    28

Table legend: (Time is in decaauts)
 A = Elapsed time spent in this place.
 B = Non-inter-level travel time spent in this place.
 C = Inter-level travel time spent in this place.
 D = Time resting spent in this place.
 E = Time spent auto-exploring this place.
 F = Levels seen in this place.
 G = Mean time per level.
                   A        B        C        D        E       F      G
               +--------+--------+--------+--------+--------+-----+--------+
         Total |    998 |    956 |     42 |      0 |    769 |   2 |  499.0 |
       Dungeon |    998 |    956 |     42 |      0 |    769 |   2 |  499.0 |
               +--------+--------+--------+--------+--------+-----+--------+

Top non-repeatable levels by time:
     D:1: 772 daAuts
     D:2: 225 daAuts
